 Dungeon Crawl Stone Soup version 0.29-a0-284-gf9362112df (webtiles) character file.

Game seed: 1437995861303796677

164 horus123 the Magician (level 5, -5/40 HPs)
             Began as a Djinni Cinder Acolyte on Mar 20, 2022.
             Was a High Priest of Ignis.
             Slain by an iguana (7 damage)
             ... on level 4 of the Dungeon.
             The game lasted 00:04:40 (3311 turns).

horus123 the Magician (Djinni Cinder Acolyte)       Turns: 3311, Time: 00:04:41

Health: -5/40      AC: -6    Str: 13    XL:     5   Next: 73%
Gold:   213        EV: 11    Int: 18    God:    Ignis [*****.] SH:  0 Dex:  8

rFire   + + +      SeeInvis .   f - +2 short sword (venom)
rCold   x x .      Faith    .   (no shield)
rNeg    . . .      Spirit   .   b - +0 robe
rPois   ∞          Reflect  .   (no helmet)
rElec   .          Harm     .   (no cloak)
rCorr   .          Rampage  .   (no gloves)
Will    .....                   (boots unavailable)
Stlth   +.........              (no amulet)
HPRegen 0.13/turn               t - ring of fire
MPRegen 0.00/turn               (no ring)

@: corroded, flying
A: sickness immunity, fire resistance 2, cold vulnerability 1, float, innate
caster, HP casting, extra vitality 1
a: Renounce Religion, Fiery Armour, Foxfire Swarm, Rising Flame


You were on level 4 of the Dungeon.
You worshipped Ignis.
Ignis was extremely pleased with you.
You visited 1 branch of the dungeon, and saw 4 of its levels.

You collected 213 gold pieces.

Inventory:

Hand Weapons
 a - a -1 mace of flaming
 f - a +2 short sword of venom (weapon)
Missiles
 d - 2 atropa-tipped darts
 s - 3 datura-tipped darts
Armour
 b - a +0 robe (worn)
 i - a +1 scale mail of poison resistance
Jewellery
 t - a ring of fire (left hand)
Scrolls
 e - a scroll of noise {unknown}
 j - a scroll of teleportation {unknown}
 l - a scroll of fog {unknown}
 p - a scroll of immolation {unknown}
 q - a scroll of enchant armour {unknown}
 r - a scroll of enchant weapon {unknown}
Potions
 c - a potion of mutation
 g - a potion of curing
 h - a potion of magic
 k - a potion of attraction {unknown}
 m - a potion of brilliance {unknown}
 n - 2 potions of flight {unknown}
 o - a potion of might {unknown}


   Skills:
 - Level 3.0 Fighting
 - Level 2.4 Maces & Flails
 + Level 4.6 Spellcasting


You had 8 spell levels left.
You knew the following spells:

 Your Spells              Type           Power      Damage    Failure   Level
a - Scorch                Fire           62%        2d8       3%          2
b - Foxfire               Conj/Fire      100%       2x1d9     1%          1
c - Wereblood             Tmut           20%        N/A       3%          2
Your spell library was empty.

Dungeon Overview and Level Annotations

Branches:
Dungeon (4/15)
 Temple: D:4-7

Altars:
Yredelemnul

Shops:
D:3 :


Innate Abilities, Weirdness & Mutations

You are immune to sickness and miasma.
You are immune to poison.
Your flesh is very heat resistant. (rF++)
You are vulnerable to cold. (rC-)
You float through the air rather than walking.
You learn spells naturally, not from books.
Your magical power is your life essence.
You have superior vitality. (+4 MHP)


Message History

Found a stone staircase leading up.
A kobold comes into view. It is wielding a +0 club.
The kobold shouts!
The orc attacks as you move away! The orc hits you with a +0 dagger.
The orc attacks as you move away! The orc hits you with a +0 dagger.
* * * LOW HITPOINT WARNING * * *
An iguana comes into view.
The iguana hisses angrily.
The iguana moves out of view.
You feel better. The orc hits you with a +0 dagger.
You barely miss the orc. The orc hits you with a +0 dagger.
You closely miss the orc. The orc misses you.
You closely miss the orc. The orc closely misses you.
You hit the orc.
The orc is poisoned.
The orc is lightly wounded.
The orc hits you with a +0 dagger.
* * * LOW HITPOINT WARNING * * *
You barely miss the orc. Your punch misses the orc.
The orc is lightly wounded.
The orc hits you with a +0 dagger.
* * * LOW HITPOINT WARNING * * *
The orc misses you.
Unknown command.
Casting: Scorch (safe; 3% risk of failure)
Press: ? - help, Q - select action, (/) - cycle Dir - look around, f - activate You feel a surge of power!
Flames lash the iguana.
The iguana is heavily wounded.
The iguana's fire resistance burns away.
* * * LOW HITPOINT WARNING * * *
The orc hits you with a +0 dagger.
* * * LOW HITPOINT WARNING * * *
The iguana misses you.
Casting: Scorch (safe; 3% risk of failure)
Press: ? - help, Q - select action, (/) - cycle Dir - look around, f - activate You feel a surge of power!
Flames lash the dart slug.
The dart slug is almost dead.
The dart slug's fire resistance burns away.
* * * LOW HITPOINT WARNING * * *
The orc closely misses you. The iguana bites you!
You die...

......#.##...........##.
......#...#.....##......
......#.......#.........
....#>........#........#
....#.....w....##.....#
....##.!###....wK.....#
..###...#.....#ooo##..
...##...).....##o##
...###..#..)...#@#
........#......l......#
....#..............##.#
....##$...........##
.....#.............
........... ...........
......#.....


You could see an iguana (combustible), a dart slug (combustible), 4 orcs and a
kobold.

Vanquished Creatures
  A jelly (D:4)
  Terence (D:2)
  3 adders
  3 gnolls (D:3)
  2 worms
  A dart slug (D:1)
  2 orcs
  3 ball pythons
  2 endoplasms (D:2)
  8 giant cockroaches
  A goblin (D:2)
  4 hobgoblins
  4 quokkas
  4 bats
  A frilled lizard (D:2)
  2 kobolds (D:1)
  5 rats
47 creatures vanquished.

Vanquished Creatures (others)
  15 foxfires
15 creatures vanquished.

Grand Total: 62 creatures vanquished

Notes
Turn   | Place    | Note
-------+----------+-------------------------------------------
     0 | D:1      | horus123 the Djinni Cinder Acolyte began the quest for the
                  | Orb.
     0 | D:1      | Reached XP level 1. HP: 20/20 MP: 0/0
   346 | D:1      | Reached XP level 2. HP: 21/25 MP: 0/0
   582 | D:1      | Reached skill level 3 in Spellcasting
   874 | D:1      | Reached XP level 3. HP: 29/30 MP: 0/0
   874 | D:1      | Learned a level 1 spell: Foxfire
  1221 | D:2      | Found a faded altar of an unknown god.
  1554 | D:2      | Noticed Terence
  1560 | D:2      | Killed Terence
  1561 | D:2      | Reached XP level 4. HP: 25/35 MP: 0/0
  2262 | D:3      | Reached skill level 4 in Spellcasting
  2600 | D:3      | Reached XP level 5. HP: 31/40 MP: 0/0
  2600 | D:3      | Learned a level 2 spell: Wereblood
  2747 | D:3      | Found a basalt altar of Yredelemnul.
  3043 | D:3      | Found Qualil's Book Shoppe.
  3311 | D:4      | Slain by an iguana

Illustrated notes

Levels and vault maps discovered:
D:1:      sevenhm_arrival_forest_fort_small_4, layout_loops_cross,
          minmay_worlds_worst_comb
D:2:      layout_basic, nicolae_ecumenical_pavilion, uniq_crazy_yiuf_cottage,
          uniq_terence
D:3:      layout_basic, mainiacjoe_overflow_paths, serial_curves,
          eino_curves_02, eino_curves_01, serial_shops, shop,
          grunt_ministairs_15
D:4:      layout_cave_pools, kiku_gazebo_pond_becter, lemuel_temple_firewalk_a

Skill      XL: |  1  2  3  4 |
---------------+-------------+-----
Spellcasting   | 3 4 |  4.6
Fighting       | |  3.0
Maces & Flails | |  2.4

Action                   |  1- 3 |  4- 6 || total
-------------------------+-------+-------++-------
Melee: Short sword       |    47 |     7 ||    54
       Mace              |     3 |       ||     3
 Cast: Scorch            |    16 |    32 ||    48
       Foxfire           |     1 |     7 ||     8
  Use: Scroll            |     4 |       ||     4
       Potion            |       |     4 ||     4
Armor: Robe              |    13 |       ||    13
Dodge: Dodged            |    43 |    12 ||    55

Table legend: (Time is in decaauts)
 A = Elapsed time spent in this place.
 B = Non-inter-level travel time spent in this place.
 C = Inter-level travel time spent in this place.
 D = Time resting spent in this place.
 E = Time spent auto-exploring this place.
 F = Levels seen in this place.
 G = Mean time per level.
                   A        B        C        D        E       F      G
               +--------+--------+--------+--------+--------+-----+--------+
         Total |   3315 |   3231 |     84 |    652 |   2214 |   4 |  828.8 |
       Dungeon |   3315 |   3231 |     84 |    652 |   2214 |   4 |  828.8 |
               +--------+--------+--------+--------+--------+-----+--------+

Top non-repeatable levels by time:
     D:1: 1225 daAuts
     D:2: 1029 daAuts
     D:3: 996 daAuts
     D:4: 64 daAuts
